[ AOE2 MATCH · #484222531 ]
UnrankedFranks vs Celts
[ REPLAY ANALYSIS · EXTRACTED FROM THE RECORDED GAME ]
Feudal
17:14
Castle
—
Imperial
—
| APM avg | 6.7 |
| APM peak | 21 |
| eAPM avg | 5.7 |
| Villagers / military | 75 / 66 |
Focus
⚔️ 25.6% · 🌾 74.4%
Spearman ×47 · Archer ×18 · Scout Cavalry ×1
Feudal
12:50
Castle
20:18
Imperial
41:39
| APM avg | 45.2 |
| APM peak | 132 |
| eAPM avg | 36.7 |
| Villagers / military | 135 / 438 |
Focus
⚔️ 53.4% · 🌾 46.6%
Scorpion ×161 · Woad Raider ×114 · Spearman ×92 · Battering Ram ×41 · Unknown (882) ×28 · Militia ×27
Feudal
13:16
Castle
18:04
Imperial
—
| APM avg | 9.9 |
| APM peak | 55 |
| eAPM avg | 6.0 |
| Villagers / military | 100 / 114 |
Focus
⚔️ 21.3% · 🌾 78.7%
Archer ×92 · Spearman ×22
Feudal
13:49
Castle
31:25
Imperial
47:37
| APM avg | 16.9 |
| APM peak | 70 |
| eAPM avg | 14.8 |
| Villagers / military | 157 / 186 |
Focus
⚔️ 28.2% · 🌾 71.8%
Hand Cannoneer ×139 · Trade Cart ×38 · Genoese Crossbowman ×25 · Bombard Cannon ×8 · Scorpion ×6 · Battering Ram ×5
Feudal
10:32
Castle
16:11
Imperial
32:03
| APM avg | 41.0 |
| APM peak | 91 |
| eAPM avg | 25.4 |
| Villagers / military | 229 / 363 |
Focus
⚔️ 27.2% · 🌾 72.8%
Knight ×124 · Hand Cannoneer ×123 · Scout Cavalry ×85 · War Elephant ×18 · Trebuchet (Packed) ×9 · Monk ×4
Feudal
11:52
Castle
19:07
Imperial
23:32
| APM avg | 15.5 |
| APM peak | 41 |
| eAPM avg | 12.4 |
| Villagers / military | 115 / 519 |
Focus
⚔️ 46.5% · 🌾 53.5%
Unknown (882) ×627 · Spearman ×451 · Huskarl ×56 · Petard ×9 · Trebuchet (Packed) ×3
Feudal
10:20
Castle
14:05
Imperial
32:49
| APM avg | 30.5 |
| APM peak | 63 |
| eAPM avg | 21.1 |
| Villagers / military | 205 / 195 |
Focus
⚔️ 39.2% · 🌾 60.8%
Scorpion ×105 · Battle Elephant ×62 · Scout Cavalry ×20 · Battering Ram ×4 · Mangonel ×2 · Trebuchet (Packed) ×2
Feudal
10:16
Castle
17:45
Imperial
46:17
| APM avg | 13.0 |
| APM peak | 63 |
| eAPM avg | 8.9 |
| Villagers / military | 107 / 71 |
Focus
⚔️ 26.4% · 🌾 73.6%
Knight ×36 · Spearman ×12 · Monaspa ×8 · Unknown (882) ×6 · Petard ×5 · Militia ×4
Match map
Initial resources + every placement click. Lines = walls · curves = elevation contours. ◆ gold · ⬟ stone · ● berries · ✦ relic · ◌ wall gap
Your base· ✓ Closed at 12:00 · 0t walls · 2 gate(s)
Vila23's base· ✓ Closed at 20:18 · 0t walls · 2 gate(s)
ponlopallevar's base· ✓ Closed at 18:04 · 0t walls · 3 gate(s)
EL THANOS's base· ✓ Closed at 31:25 · 0t walls · 3 gate(s)
draul225's base· ✓ Closed at 16:11 · 0t walls · 2 gate(s)
OL PERROLOKO's base· ✓ Closed at 19:07 · 0t walls · 2 gate(s)
Sleepy完胜's base· ✓ Closed at 14:05 · 0t walls · 3 gate(s)
B R O L I K O's base· ✓ Closed at 17:45 · 0t walls · 3 gate(s)
Smoothed initial terrain · ◌ = detected wall gap · hover for details
Inputs per minute
— mjhc282 - - Vila23
Build order — mjhc282
First 150 of 216 actions detected
| 0:39 | Build | House |
| 0:43 | Build | House |
| 0:48 | Build | House |
| 0:52 | Build | House |
| 2:11 | Create | Villager (Male) |
| 2:12 | Create | Villager (Male) |
| 2:12 | Create | Villager (Male) |
| 2:12 | Create | Villager (Male) |
| 2:13 | Create | Villager (Male) |
| 2:41 | Build | Lumber Camp |
| 3:27 | Create | Villager (Male) |
| 4:48 | Create | Villager (Male) |
| 6:19 | Create | Villager (Male) |
| 7:01 | Build | Mill |
| 7:19 | Build | Mining Camp |
| 7:28 | Build | Mining Camp |
| 7:36 | Create | Villager (Male) |
| 8:27 | Create | Villager (Male) |
| 9:41 | Create | Villager (Male) |
| 9:42 | Create | Villager (Male) |
| 10:07 | Create | Villager (Male) |
| 10:53 | Create | Villager (Male) |
| 11:02 | Create | Villager (Male) |
| 12:53 | Create | Villager (Male) |
| 12:54 | Create | Villager (Male) |
| 15:04 | Research | Feudal Age |
| 16:25 | Build | House |
| 16:29 | Build | House |
| 16:31 | Build | House |
| 16:37 | Build | House |
| 16:39 | Build | House |
| 16:41 | Build | House |
| 16:48 | Build | House |
| 17:05 | Create | Villager (Male) |
| 17:05 | Create | Villager (Male) |
| 17:06 | Create | Villager (Male) |
| 17:07 | Create | Villager (Male) |
| 17:08 | Create | Villager (Male) |
| 17:14 | Age | Feudal Age |
| 17:17 | Create | Villager (Male) |
| 17:18 | Create | Villager (Male) |
| 17:47 | Research | Loom |
| 18:13 | Build | Farm |
| 18:13 | Build | Farm |
| 18:14 | Build | Farm |
| 18:14 | Build | Farm |
| 18:14 | Build | Farm |
| 18:14 | Build | Farm |
| 18:15 | Build | Farm |
| 18:15 | Build | Farm |
| 18:15 | Build | Farm |
| 18:15 | Build | Farm |
| 18:16 | Build | Farm |
| 18:16 | Build | Farm |
| 18:16 | Build | Farm |
| 18:17 | Build | Farm |
| 18:17 | Build | Farm |
| 18:39 | Create | Villager (Male) |
| 18:39 | Create | Villager (Male) |
| 18:40 | Create | Villager (Male) |
| 18:40 | Create | Villager (Male) |
| 18:42 | Create | Villager (Male) |
| 19:55 | Build | Farm |
| 19:56 | Build | Farm |
| 20:03 | Create | Villager (Male) |
| 20:03 | Create | Villager (Male) |
| 20:03 | Create | Villager (Male) |
| 20:05 | Create | Villager (Male) |
| 20:51 | Create | Villager (Male) |
| 20:51 | Create | Villager (Male) |
| 22:07 | Build | Gate |
| 22:34 | Build | Watch Tower |
| 23:10 | Build | Stone Wall |
| 23:21 | Build | Stone Wall |
| 23:26 | Build | Stone Wall |
| 23:49 | Build | Barracks |
| 24:41 | Build | Stone Wall |
| 25:15 | Build | Stone Wall |
| 25:45 | Create | Spearman |
| 25:45 | Create | Spearman |
| 25:45 | Create | Spearman |
| 25:45 | Create | Spearman |
| 25:46 | Create | Spearman |
| 25:46 | Create | Spearman |
| 25:46 | Create | Spearman |
| 25:46 | Create | Spearman |
| 25:46 | Create | Spearman |
| 25:47 | Create | Spearman |
| 25:47 | Create | Spearman |
| 25:47 | Create | Spearman |
| 25:47 | Create | Spearman |
| 25:47 | Create | Spearman |
| 25:48 | Create | Spearman |
| 25:48 | Create | Spearman |
| 25:48 | Create | Spearman |
| 26:47 | Build | Blacksmith |
| 26:56 | Build | Market |
| 27:26 | Build | Archery Range |
| 27:32 | Build | Archery Range |
| 27:58 | Build | Stone Wall |
| 28:29 | Build | Stone Wall |
| 28:45 | Create | Archer |
| 28:46 | Create | Archer |
| 28:46 | Create | Archer |
| 28:46 | Create | Archer |
| 28:46 | Create | Archer |
| 29:33 | Create | Villager (Male) |
| 29:33 | Create | Villager (Male) |
| 29:33 | Create | Villager (Male) |
| 29:34 | Create | Villager (Male) |
| 29:34 | Create | Villager (Male) |
| 29:36 | Create | Villager (Male) |
| 29:37 | Create | Villager (Male) |
| 29:37 | Create | Villager (Male) |
| 29:37 | Create | Villager (Male) |
| 29:38 | Create | Villager (Male) |
| 30:46 | Build | Stable |
| 30:56 | Create | Archer |
| 30:56 | Create | Archer |
| 30:57 | Create | Archer |
| 30:57 | Create | Archer |
| 30:57 | Create | Archer |
| 32:00 | Create | Spearman |
| 32:01 | Create | Spearman |
| 32:01 | Create | Spearman |
| 32:01 | Create | Spearman |
| 32:02 | Create | Spearman |
| 32:02 | Create | Spearman |
| 32:42 | Create | Spearman |
| 32:42 | Create | Spearman |
| 32:43 | Create | Spearman |
| 32:43 | Create | Spearman |
| 32:43 | Create | Spearman |
| 32:43 | Create | Spearman |
| 33:14 | Create | Scout Cavalry |
| 33:50 | Create | Spearman |
| 33:50 | Create | Spearman |
| 33:51 | Create | Spearman |
| 33:51 | Create | Spearman |
| 33:51 | Create | Spearman |
| 33:51 | Create | Spearman |
| 33:51 | Create | Spearman |
| 34:00 | Create | Archer |
| 34:00 | Create | Archer |
| 34:00 | Create | Archer |
| 34:01 | Create | Archer |
| 34:01 | Create | Archer |
| 34:01 | Create | Archer |
| 34:01 | Create | Archer |
| 38:41 | Create | Villager (Male) |
Build order — Vila23
First 150 of 792 actions detected
| 0:03 | Build | House |
| 0:04 | Build | House |
| 0:05 | Create | Villager (Male) |
| 0:05 | Create | Villager (Male) |
| 0:05 | Create | Villager (Male) |
| 0:06 | Create | Villager (Male) |
| 1:11 | Create | Villager (Male) |
| 1:53 | Build | Lumber Camp |
| 2:00 | Create | Villager (Male) |
| 2:15 | Build | House |
| 2:16 | Build | House |
| 2:22 | Create | Villager (Male) |
| 2:47 | Create | Villager (Male) |
| 3:17 | Create | Villager (Male) |
| 3:32 | Create | Villager (Male) |
| 3:59 | Create | Villager (Male) |
| 4:50 | Create | Villager (Male) |
| 5:09 | Create | Villager (Male) |
| 5:36 | Create | Villager (Male) |
| 5:57 | Create | Villager (Male) |
| 5:57 | Create | Villager (Male) |
| 6:31 | Create | Villager (Male) |
| 6:38 | Build | Mill |
| 7:11 | Build | Mining Camp |
| 7:19 | Create | Villager (Male) |
| 7:19 | Create | Villager (Male) |
| 7:20 | Create | Villager (Male) |
| 7:45 | Create | Villager (Male) |
| 7:45 | Create | Villager (Male) |
| 7:45 | Create | Villager (Male) |
| 8:05 | Build | House |
| 8:06 | Build | House |
| 8:06 | Build | House |
| 8:06 | Build | House |
| 8:06 | Build | House |
| 8:07 | Build | House |
| 9:09 | Build | Mill |
| 9:37 | Create | Villager (Male) |
| 9:37 | Create | Villager (Male) |
| 9:38 | Create | Villager (Male) |
| 9:38 | Create | Villager (Male) |
| 10:12 | Build | Mining Camp |
| 10:34 | Research | Feudal Age |
| 10:53 | Create | Villager (Male) |
| 10:53 | Create | Villager (Male) |
| 10:53 | Create | Villager (Male) |
| 10:54 | Create | Villager (Male) |
| 11:55 | Build | Farm |
| 11:55 | Build | Farm |
| 11:55 | Build | Farm |
| 11:56 | Build | Farm |
| 11:56 | Build | Farm |
| 11:56 | Build | Farm |
| 12:50 | Age | Feudal Age |
| 13:02 | Research | Horse Collar |
| 13:06 | Research | Double-Bit Axe |
| 13:24 | Build | Market |
| 13:31 | Build | Blacksmith |
| 13:36 | Create | Villager (Male) |
| 13:37 | Create | Villager (Male) |
| 13:37 | Create | Villager (Male) |
| 13:38 | Create | Villager (Male) |
| 13:39 | Create | Villager (Male) |
| 14:29 | Build | Barracks |
| 14:58 | Create | Villager (Male) |
| 14:58 | Create | Villager (Male) |
| 14:59 | Create | Villager (Male) |
| 15:32 | Build | Farm |
| 15:32 | Build | Farm |
| 15:33 | Build | Farm |
| 15:33 | Build | Farm |
| 15:33 | Build | Farm |
| 15:33 | Build | Farm |
| 15:34 | Build | Farm |
| 15:34 | Build | Farm |
| 15:34 | Build | Farm |
| 15:57 | Create | Spearman |
| 15:58 | Create | Spearman |
| 15:59 | Create | Spearman |
| 15:59 | Create | Spearman |
| 16:24 | Build | Barracks |
| 16:32 | Build | Farm |
| 16:33 | Build | Farm |
| 16:33 | Build | Farm |
| 16:33 | Build | Farm |
| 16:33 | Build | Farm |
| 16:34 | Build | Farm |
| 16:34 | Build | Farm |
| 16:51 | Build | House |
| 16:51 | Build | House |
| 16:52 | Build | House |
| 16:53 | Build | House |
| 17:38 | Research | Castle Age |
| 17:44 | Create | Spearman |
| 17:44 | Create | Spearman |
| 17:44 | Create | Spearman |
| 18:04 | Build | Mining Camp |
| 19:33 | Research | Scale Mail Armor |
| 19:36 | Research | Forging |
| 19:39 | Research | Padded Archer Armor |
| 20:14 | Research | Stone Mining |
| 20:18 | Age | Castle Age |
| 20:31 | Build | Town Center |
| 20:42 | Build | Town Center |
| 20:46 | Create | Villager (Male) |
| 20:46 | Create | Villager (Male) |
| 20:47 | Create | Villager (Male) |
| 20:47 | Create | Villager (Male) |
| 20:47 | Create | Villager (Male) |
| 20:48 | Create | Villager (Male) |
| 20:52 | Research | Bow Saw |
| 20:55 | Research | Heavy Plow |
| 20:57 | Research | Gold Mining |
| 21:07 | Create | Spearman |
| 21:55 | Create | Villager (Male) |
| 21:55 | Create | Villager (Male) |
| 21:55 | Create | Villager (Male) |
| 22:04 | Create | Villager (Male) |
| 22:04 | Create | Villager (Male) |
| 22:14 | Create | Villager (Male) |
| 22:49 | Build | Monastery |
| 22:52 | Create | Villager (Male) |
| 22:52 | Create | Villager (Male) |
| 22:53 | Create | Villager (Male) |
| 22:53 | Create | Villager (Male) |
| 23:01 | Build | Mill |
| 23:04 | Build | Farm |
| 23:04 | Build | Farm |
| 23:05 | Build | Farm |
| 23:05 | Build | Farm |
| 23:05 | Build | Farm |
| 23:05 | Build | Farm |
| 23:06 | Build | Farm |
| 23:06 | Build | Farm |
| 23:06 | Build | Farm |
| 23:06 | Build | Farm |
| 23:07 | Build | Farm |
| 23:07 | Build | Farm |
| 23:07 | Build | Farm |
| 23:07 | Build | Farm |
| 23:12 | Create | Villager (Male) |
| 23:13 | Create | Villager (Male) |
| 23:44 | Create | Villager (Male) |
| 23:45 | Create | Villager (Male) |
| 23:45 | Create | Villager (Male) |
| 23:47 | Create | Monk |
| 24:11 | Create | Villager (Male) |
| 24:11 | Create | Villager (Male) |
| 24:11 | Create | Villager (Male) |
| 24:21 | Build | House |
Build order — ponlopallevar
First 150 of 206 actions detected
| 0:11 | Build | House |
| 0:11 | Build | House |
| 0:14 | Create | Villager (Male) ×4 |
| 0:15 | Research | Loom |
| 1:45 | Create | Villager (Male) |
| 1:45 | Create | Villager (Male) |
| 2:07 | Build | Lumber Camp |
| 2:24 | Create | Villager (Male) |
| 3:06 | Create | Villager (Male) |
| 3:07 | Create | Villager (Male) |
| 3:07 | Create | Villager (Male) |
| 4:15 | Create | Villager (Male) |
| 4:16 | Create | Villager (Male) |
| 4:16 | Create | Villager (Male) |
| 4:39 | Create | Villager (Male) |
| 4:57 | Create | Villager (Male) |
| 6:03 | Build | House |
| 6:07 | Build | House |
| 6:33 | Create | Villager (Male) |
| 6:34 | Create | Villager (Male) |
| 6:34 | Create | Villager (Male) |
| 6:34 | Create | Villager (Male) |
| 7:07 | Create | Villager (Male) |
| 7:16 | Build | Mill |
| 7:33 | Create | Villager (Male) |
| 7:35 | Create | Villager (Male) |
| 7:36 | Create | Villager (Male) |
| 8:42 | Build | Mining Camp |
| 8:51 | Create | Villager (Male) |
| 8:51 | Create | Villager (Male) |
| 9:57 | Build | Mill |
| 10:17 | Build | Farm |
| 10:18 | Build | Farm |
| 10:19 | Build | Farm |
| 10:20 | Build | Farm |
| 10:21 | Build | Farm |
| 10:21 | Build | Farm |
| 11:06 | Research | Feudal Age |
| 11:30 | Build | Lumber Camp |
| 12:07 | Build | House |
| 12:54 | Build | Barracks |
| 13:16 | Age | Feudal Age |
| 13:19 | Create | Villager (Male) ×5 |
| 13:52 | Build | Market |
| 14:01 | Build | Blacksmith |
| 14:18 | Build | House |
| 14:20 | Build | House |
| 15:21 | Research | Castle Age |
| 15:37 | Build | Archery Range |
| 15:50 | Research | Double-Bit Axe |
| 15:53 | Research | Horse Collar |
| 16:46 | Build | House |
| 18:04 | Age | Castle Age |
| 18:15 | Build | Town Center |
| 18:35 | Build | Town Center |
| 18:51 | Research | Scale Barding Armor |
| 18:52 | Research | Scale Mail Armor |
| 18:53 | Research | Forging |
| 19:38 | Build | Town Center |
| 19:45 | Create | Villager (Male) ×5 |
| 19:52 | Create | Villager (Male) ×3 |
| 20:00 | Build | Farm |
| 20:01 | Build | Farm |
| 20:01 | Build | Farm |
| 20:02 | Build | Farm |
| 20:03 | Build | Farm |
| 20:04 | Build | Farm |
| 20:48 | Create | Villager (Male) ×3 |
| 20:55 | Create | Villager (Male) |
| 21:41 | Research | Heavy Plow |
| 21:57 | Build | Farm |
| 21:57 | Build | Farm |
| 22:43 | Create | Villager (Male) ×5 |
| 23:00 | Create | Villager (Male) |
| 23:27 | Research | Padded Archer Armor |
| 24:07 | Build | Farm |
| 24:08 | Build | Farm |
| 24:09 | Build | Farm |
| 24:09 | Build | Farm |
| 24:10 | Build | Farm |
| 24:11 | Build | Farm |
| 24:11 | Build | Farm |
| 24:12 | Build | Farm |
| 24:13 | Build | Farm |
| 24:19 | Create | Villager (Male) ×5 |
| 25:01 | Build | Castle |
| 25:16 | Build | Archery Range |
| 25:17 | Build | Archery Range |
| 25:18 | Build | Archery Range |
| 25:34 | Create | Villager (Male) ×5 |
| 25:42 | Create | Villager (Male) ×3 |
| 26:16 | Research | Crossbowman (upgrade) |
| 26:18 | Create | Archer ×5 |
| 26:19 | Create | Archer ×3 |
| 27:06 | Create | Archer ×4 |
| 27:15 | Create | Archer ×2 |
| 28:42 | Build | Town Center |
| 29:18 | Research | Leather Archer Armor |
| 29:21 | Research | Fletching |
| 30:14 | Build | Farm |
| 30:15 | Build | Farm |
| 30:16 | Build | Farm |
| 31:05 | Research | Bodkin Arrow |
| 33:28 | Create | Villager (Male) ×2 |
| 33:36 | Build | House |
| 33:37 | Build | House |
| 34:43 | Build | House |
| 34:47 | Create | Villager (Male) |
| 35:58 | Create | Villager (Male) |
| 37:22 | Create | Villager (Male) |
| 37:23 | Create | Villager (Male) |
| 38:20 | Build | Blacksmith |
| 38:29 | Create | Villager (Male) |
| 38:40 | Build | Farm |
| 38:41 | Build | Farm |
| 38:42 | Build | Farm |
| 39:28 | Create | Villager (Male) |
| 39:58 | Build | Town Center |
| 40:15 | Create | Villager (Male) |
| 40:26 | Create | Villager (Male) |
| 42:31 | Research | Wheelbarrow |
| 43:44 | Create | Villager (Male) ×2 |
| 44:41 | Build | Town Center |
| 45:36 | Create | Villager (Male) ×4 |
| 45:53 | Build | Archery Range |
| 45:54 | Build | Archery Range |
| 46:11 | Build | House |
| 46:15 | Create | Villager (Male) |
| 47:11 | Create | Archer ×5 |
| 47:26 | Create | Archer ×5 |
| 47:29 | Create | Archer |
| 47:46 | Build | Barracks |
| 48:57 | Build | Mining Camp |
| 49:47 | Create | Archer |
| 49:48 | Create | Archer |
| 49:48 | Create | Archer |
| 50:31 | Build | Mining Camp |
| 50:54 | Create | Villager (Male) ×5 |
| 50:56 | Create | Villager (Male) ×4 |
| 51:07 | Build | House |
| 51:08 | Build | House |
| 51:10 | Build | House |
| 51:11 | Build | House |
| 51:12 | Build | House |
| 51:13 | Build | House |
| 51:15 | Build | House |
| 51:51 | Create | Villager (Male) ×2 |
| 52:15 | Create | Archer ×4 |
| 52:57 | Build | Mining Camp |
| 53:13 | Create | Villager (Male) ×2 |
Build order — EL THANOS
First 150 of 606 actions detected
| 0:08 | Build | House |
| 0:14 | Create | Villager (Male) |
| 0:15 | Research | Loom |
| 0:15 | Create | Villager (Male) |
| 0:16 | Create | Villager (Male) |
| 0:33 | Create | Villager (Male) |
| 0:34 | Create | Villager (Male) |
| 0:50 | Build | House |
| 0:51 | Build | House |
| 0:52 | Build | House |
| 1:22 | Create | Villager (Male) |
| 2:20 | Build | Lumber Camp |
| 2:26 | Create | Villager (Male) |
| 2:26 | Create | Villager (Male) |
| 2:43 | Create | Villager (Male) |
| 2:44 | Create | Villager (Male) |
| 3:18 | Create | Villager (Male) |
| 3:19 | Create | Villager (Male) |
| 3:30 | Create | Villager (Male) |
| 3:31 | Create | Villager (Male) |
| 4:01 | Create | Villager (Male) |
| 4:01 | Create | Villager (Male) |
| 4:48 | Create | Villager (Male) |
| 4:48 | Create | Villager (Male) |
| 5:25 | Create | Villager (Male) |
| 5:25 | Create | Villager (Male) |
| 5:33 | Create | Villager (Male) |
| 5:47 | Build | Mill |
| 6:09 | Create | Villager (Male) |
| 6:09 | Create | Villager (Male) |
| 7:05 | Build | Mining Camp |
| 7:29 | Create | Villager (Male) |
| 7:29 | Create | Villager (Male) |
| 7:40 | Create | Villager (Male) |
| 7:41 | Create | Villager (Male) |
| 8:03 | Build | Mining Camp |
| 8:34 | Build | House |
| 8:35 | Build | House |
| 8:37 | Create | Villager (Male) |
| 8:37 | Create | Villager (Male) |
| 8:55 | Create | Villager (Male) |
| 8:55 | Create | Villager (Male) |
| 9:21 | Create | Villager (Male) |
| 9:26 | Create | Villager (Male) |
| 9:28 | Create | Villager (Male) |
| 9:29 | Create | Villager (Male) |
| 9:43 | Build | House |
| 9:44 | Build | House |
| 9:46 | Build | House |
| 10:08 | Build | Mill |
| 10:39 | Build | Mill |
| 10:47 | Research | Feudal Age |
| 10:57 | Build | House |
| 10:59 | Build | House |
| 12:00 | Create | Villager (Male) |
| 13:02 | Create | Villager (Male) |
| 13:49 | Age | Feudal Age |
| 13:54 | Build | Market |
| 14:01 | Build | Blacksmith |
| 14:10 | Research | Double-Bit Axe |
| 14:23 | Create | Villager (Male) |
| 14:23 | Create | Villager (Male) |
| 14:44 | Create | Villager (Male) |
| 15:07 | Create | Villager (Male) |
| 15:40 | Build | Farm |
| 15:42 | Build | Farm |
| 15:43 | Build | Farm |
| 15:46 | Create | Villager (Male) |
| 16:49 | Create | Villager (Male) |
| 16:50 | Create | Villager (Male) |
| 17:19 | Build | Farm |
| 17:20 | Build | Farm |
| 17:41 | Create | Trade Cart |
| 17:47 | Create | Villager (Male) |
| 18:01 | Create | Villager (Male) |
| 18:14 | Build | Farm |
| 18:15 | Build | Farm |
| 18:17 | Build | Farm |
| 18:22 | Create | Villager (Male) |
| 18:40 | Create | Trade Cart |
| 18:43 | Create | Villager (Male) |
| 18:46 | Create | Villager (Male) |
| 18:51 | Research | Horse Collar |
| 19:01 | Create | Villager (Male) |
| 19:14 | Research | Gold Mining |
| 19:14 | Research | Gold Mining |
| 19:41 | Create | Trade Cart |
| 19:51 | Create | Villager (Male) |
| 19:57 | Build | Farm |
| 19:58 | Build | Farm |
| 20:00 | Build | Farm |
| 20:12 | Create | Villager (Male) |
| 20:47 | Create | Villager (Male) |
| 20:58 | Build | Farm |
| 20:59 | Build | Farm |
| 21:00 | Build | Farm |
| 21:02 | Build | Farm |
| 21:03 | Build | Farm |
| 21:06 | Build | Farm |
| 21:08 | Build | Farm |
| 21:10 | Build | Farm |
| 21:13 | Build | Farm |
| 21:17 | Build | Farm |
| 21:19 | Build | Farm |
| 21:22 | Build | Farm |
| 21:25 | Build | Farm |
| 21:30 | Build | Farm |
| 21:37 | Create | Villager (Male) |
| 21:38 | Create | Villager (Male) |
| 22:03 | Build | Farm |
| 22:07 | Create | Villager (Male) |
| 22:11 | Create | Trade Cart |
| 22:37 | Create | Villager (Male) |
| 22:47 | Create | Trade Cart |
| 22:53 | Create | Villager (Male) |
| 23:01 | Build | Farm |
| 23:36 | Create | Villager (Male) |
| 23:51 | Build | House |
| 23:52 | Build | House |
| 23:53 | Build | House |
| 23:56 | Build | House |
| 23:58 | Build | House |
| 24:00 | Build | House |
| 24:17 | Create | Villager (Male) |
| 24:29 | Create | Trade Cart |
| 24:34 | Create | Villager (Male) |
| 24:36 | Create | Villager (Male) |
| 24:43 | Build | House |
| 24:45 | Build | House |
| 24:47 | Build | House |
| 24:49 | Build | House |
| 25:13 | Build | Lumber Camp |
| 25:16 | Create | Villager (Male) |
| 25:27 | Build | Farm |
| 25:29 | Build | Farm |
| 25:30 | Build | Farm |
| 25:37 | Build | Mill |
| 25:41 | Build | Farm |
| 26:06 | Create | Trade Cart |
| 26:15 | Create | Villager (Male) |
| 26:15 | Create | Villager (Male) |
| 26:18 | Create | Villager (Male) |
| 26:49 | Build | House |
| 26:52 | Build | House |
| 26:53 | Build | House |
| 26:55 | Build | House |
| 26:59 | Create | Villager (Male) |
| 26:59 | Create | Villager (Male) |
| 27:15 | Create | Villager (Male) |
| 27:49 | Build | Farm |
Build order — draul225
First 150 of 602 actions detected
| 0:01 | Create | Villager (Male) |
| 0:01 | Create | Villager (Male) |
| 0:01 | Create | Villager (Male) |
| 0:02 | Create | Villager (Male) |
| 0:02 | Create | Villager (Male) |
| 0:03 | Build | House |
| 0:06 | Build | House |
| 1:27 | Create | Villager (Male) |
| 1:48 | Build | Lumber Camp |
| 1:57 | Create | Villager (Male) |
| 1:57 | Create | Villager (Male) |
| 2:34 | Create | Villager (Male) |
| 2:34 | Create | Villager (Male) |
| 3:01 | Create | Villager (Male) |
| 3:01 | Create | Villager (Male) |
| 3:39 | Create | Villager (Male) |
| 3:40 | Create | Villager (Male) |
| 3:45 | Build | House |
| 3:52 | Build | Mill |
| 3:58 | Create | Villager (Male) |
| 3:59 | Create | Villager (Male) |
| 4:22 | Create | Villager (Male) |
| 4:23 | Create | Villager (Male) |
| 4:36 | Create | Villager (Male) |
| 4:36 | Create | Villager (Male) |
| 5:12 | Create | Villager (Male) |
| 5:12 | Create | Villager (Male) |
| 5:12 | Create | Villager (Male) |
| 5:36 | Build | House |
| 5:39 | Create | Villager (Male) |
| 5:40 | Create | Villager (Male) |
| 6:07 | Create | Villager (Male) |
| 6:07 | Create | Villager (Male) |
| 6:08 | Create | Villager (Male) |
| 6:35 | Create | Villager (Male) |
| 6:36 | Create | Villager (Male) |
| 6:36 | Create | Villager (Male) |
| 6:55 | Build | Farm |
| 6:59 | Build | Farm |
| 7:00 | Create | Villager (Male) |
| 7:00 | Create | Villager (Male) |
| 7:18 | Create | Villager (Male) |
| 7:18 | Create | Villager (Male) |
| 8:28 | Research | Feudal Age |
| 9:13 | Build | Mining Camp |
| 9:17 | Build | Mill |
| 9:21 | Create | Villager (Male) |
| 9:42 | Build | House |
| 10:32 | Age | Feudal Age |
| 10:38 | Create | Villager (Male) |
| 10:43 | Build | Farm |
| 10:46 | Build | Market |
| 10:49 | Build | Blacksmith |
| 10:52 | Research | Double-Bit Axe |
| 10:57 | Build | Farm |
| 11:00 | Build | Farm |
| 11:01 | Create | Villager (Male) |
| 11:38 | Create | Villager (Male) |
| 11:54 | Build | Farm |
| 11:59 | Build | Farm |
| 12:02 | Create | Villager (Male) |
| 12:05 | Build | House |
| 12:13 | Build | Farm |
| 12:15 | Create | Villager (Male) |
| 12:35 | Build | Farm |
| 12:57 | Build | Farm |
| 13:00 | Create | Villager (Male) |
| 13:02 | Build | Farm |
| 13:05 | Build | Farm |
| 13:06 | Create | Villager (Male) |
| 13:38 | Research | Castle Age |
| 13:38 | Research | Castle Age |
| 13:38 | Research | Castle Age |
| 13:51 | Build | Farm |
| 13:54 | Build | Farm |
| 15:29 | Research | Horse Collar |
| 15:51 | Build | House |
| 16:08 | Create | Villager (Male) |
| 16:08 | Create | Villager (Male) |
| 16:11 | Age | Castle Age |
| 16:18 | Build | Town Center |
| 16:35 | Build | Town Center |
| 16:39 | Create | Villager (Male) |
| 16:45 | Create | Villager (Male) |
| 16:48 | Research | Forging |
| 16:49 | Research | Scale Barding Armor |
| 17:07 | Research | Bow Saw |
| 17:19 | Create | Villager (Male) |
| 17:39 | Create | Villager (Male) |
| 17:39 | Create | Villager (Male) |
| 17:45 | Create | Villager (Male) |
| 17:45 | Create | Villager (Male) |
| 17:46 | Create | Villager (Male) |
| 17:54 | Build | Farm |
| 17:57 | Build | Farm |
| 18:05 | Build | Farm |
| 18:06 | Create | Villager (Male) |
| 18:07 | Create | Villager (Male) |
| 18:07 | Create | Villager (Male) |
| 18:09 | Build | Farm |
| 18:13 | Create | Villager (Male) |
| 18:13 | Create | Villager (Male) |
| 18:28 | Research | Heavy Plow |
| 18:32 | Research | Wheelbarrow |
| 18:33 | Research | Town Watch |
| 18:36 | Create | Villager (Male) |
| 18:46 | Build | Farm |
| 18:52 | Build | Farm |
| 19:02 | Create | Villager (Male) |
| 19:03 | Create | Villager (Male) |
| 19:03 | Create | Villager (Male) |
| 19:07 | Build | House |
| 19:09 | Build | House |
| 19:14 | Research | Loom |
| 19:21 | Build | House |
| 19:22 | Build | House |
| 19:22 | Build | House |
| 19:24 | Build | House |
| 19:24 | Build | House |
| 19:25 | Build | House |
| 19:29 | Create | Villager (Male) |
| 19:31 | Create | Villager (Male) |
| 19:36 | Build | Farm |
| 19:39 | Build | Farm |
| 19:42 | Build | Farm |
| 19:51 | Create | Villager (Male) |
| 19:52 | Create | Villager (Male) |
| 19:56 | Build | House |
| 19:57 | Build | House |
| 19:58 | Build | House |
| 20:02 | Create | Villager (Male) |
| 20:03 | Create | Villager (Male) |
| 20:11 | Build | Farm |
| 20:14 | Build | Farm |
| 20:17 | Build | Farm |
| 20:18 | Create | Villager (Male) |
| 20:22 | Create | Villager (Male) |
| 20:44 | Build | Town Center |
| 20:45 | Create | Villager (Male) |
| 20:45 | Create | Villager (Male) |
| 20:49 | Create | Villager (Male) |
| 21:02 | Create | Villager (Male) |
| 21:03 | Create | Villager (Male) |
| 21:12 | Create | Villager (Male) |
| 21:21 | Create | Villager (Male) |
| 21:26 | Create | Villager (Male) |
| 21:41 | Build | House |
| 21:41 | Build | House |
| 21:44 | Create | Villager (Male) |
| 21:52 | Create | Villager (Male) |
Build order — OL PERROLOKO
First 150 of 550 actions detected
| 0:02 | Create | Villager (Male) |
| 0:03 | Create | Villager (Male) |
| 0:03 | Create | Villager (Male) |
| 0:03 | Create | Villager (Male) |
| 0:07 | Build | House |
| 0:08 | Build | House |
| 0:10 | Build | House |
| 1:50 | Create | Villager (Male) |
| 2:09 | Create | Villager (Male) |
| 2:39 | Create | Villager (Male) |
| 3:26 | Create | Villager (Male) |
| 3:27 | Create | Villager (Male) |
| 3:55 | Build | Mill |
| 4:00 | Create | Villager (Male) |
| 4:17 | Build | Lumber Camp |
| 4:28 | Build | Lumber Camp |
| 4:31 | Create | Villager (Male) |
| 4:45 | Create | Villager (Male) |
| 5:02 | Create | Villager (Male) |
| 5:25 | Create | Villager (Male) |
| 6:19 | Create | Villager (Male) |
| 6:19 | Create | Villager (Male) |
| 6:20 | Create | Villager (Male) |
| 6:36 | Build | House |
| 6:43 | Research | Loom |
| 6:53 | Create | Villager (Male) |
| 7:09 | Build | House |
| 7:20 | Create | Villager (Male) |
| 7:22 | Create | Villager (Male) |
| 7:59 | Create | Villager (Male) |
| 8:10 | Build | Mining Camp |
| 8:39 | Build | Mill |
| 8:46 | Create | Villager (Male) |
| 8:57 | Create | Villager (Male) |
| 9:33 | Research | Feudal Age |
| 9:48 | Build | Farm |
| 10:18 | Build | House |
| 10:20 | Build | House |
| 10:52 | Build | House |
| 10:57 | Build | House |
| 11:04 | Create | Villager (Male) |
| 11:10 | Create | Villager (Male) |
| 11:23 | Build | Lumber Camp |
| 11:43 | Build | Barracks |
| 11:52 | Age | Feudal Age |
| 11:57 | Create | Villager (Male) |
| 12:05 | Research | Horse Collar |
| 12:06 | Research | Double-Bit Axe |
| 12:29 | Build | Farm |
| 12:47 | Build | Farm |
| 13:03 | Create | Villager (Male) |
| 13:11 | Build | Farm |
| 13:20 | Build | Farm |
| 13:28 | Build | Market |
| 13:48 | Build | Farm |
| 13:51 | Create | Villager (Male) |
| 13:58 | Build | Farm |
| 13:59 | Build | Farm |
| 14:16 | Build | Blacksmith |
| 14:28 | Create | Villager (Male) |
| 14:46 | Build | Farm |
| 14:47 | Create | Villager (Male) |
| 14:52 | Build | Farm |
| 14:57 | Build | Farm |
| 15:22 | Build | Farm |
| 15:25 | Create | Villager (Male) |
| 15:41 | Create | Villager (Male) |
| 15:55 | Build | Farm |
| 15:56 | Build | Farm |
| 15:57 | Build | Farm |
| 15:58 | Build | Farm |
| 16:03 | Build | Farm |
| 16:27 | Research | Castle Age |
| 16:47 | Build | Barracks |
| 17:29 | Build | Farm |
| 17:58 | Build | Barracks |
| 18:29 | Create | Villager (Male) |
| 18:34 | Research | Wheelbarrow |
| 19:07 | Age | Castle Age |
| 19:10 | Build | Castle |
| 20:10 | Research | Imperial Age |
| 21:03 | Research | Squires |
| 21:05 | Research | Forging |
| 21:05 | Research | Scale Mail Armor |
| 21:31 | Build | Blacksmith |
| 21:46 | Research | Hand Cart |
| 21:52 | Create | Petard |
| 21:53 | Create | Petard |
| 21:54 | Create | Petard |
| 22:13 | Research | Bow Saw |
| 22:31 | Research | Iron Casting |
| 22:33 | Research | Scale Mail Armor |
| 23:27 | Research | Chain Mail Armor |
| 23:32 | Age | Imperial Age |
| 23:33 | Create | Unit 882 ×5 |
| 23:34 | Create | Unit 882 ×5 |
| 23:34 | Create | Unit 882 ×5 |
| 23:34 | Create | Unit 882 ×5 |
| 23:34 | Create | Unit 882 ×2 |
| 23:35 | Create | Unit 882 ×2 |
| 23:36 | Create | Unit 882 |
| 23:49 | Create | Villager (Male) |
| 24:26 | Create | Villager (Male) |
| 24:27 | Create | Villager (Male) |
| 24:27 | Create | Villager (Male) |
| 24:32 | Build | Mining Camp |
| 24:47 | Research | Perfusion |
| 25:24 | Create | Villager (Male) |
| 25:24 | Create | Villager (Male) |
| 25:24 | Create | Villager (Male) |
| 25:53 | Create | Unit 882 ×5 |
| 25:53 | Create | Unit 882 ×5 |
| 25:53 | Create | Unit 882 ×5 |
| 25:54 | Create | Unit 882 |
| 25:54 | Create | Unit 882 |
| 26:03 | Create | Villager (Male) |
| 26:03 | Create | Villager (Male) |
| 26:03 | Create | Villager (Male) |
| 26:04 | Create | Villager (Male) |
| 26:06 | Build | House |
| 26:07 | Build | House |
| 26:08 | Build | House |
| 26:11 | Build | House |
| 26:12 | Build | House |
| 26:14 | Build | House |
| 26:14 | Build | House |
| 26:46 | Create | Unit 882 ×5 |
| 26:46 | Create | Unit 882 ×3 |
| 26:52 | Build | Farm |
| 27:13 | Create | Unit 882 ×5 |
| 27:14 | Create | Unit 882 ×5 |
| 27:14 | Create | Unit 882 ×5 |
| 27:14 | Create | Unit 882 ×5 |
| 28:10 | Create | Unit 882 ×5 |
| 28:10 | Create | Unit 882 ×5 |
| 28:10 | Create | Unit 882 |
| 28:30 | Create | Petard |
| 28:31 | Create | Petard |
| 28:31 | Create | Petard |
| 28:38 | Build | House |
| 28:39 | Build | House |
| 28:40 | Build | House |
| 28:41 | Build | House |
| 28:42 | Build | House |
| 28:42 | Build | House |
| 28:43 | Build | House |
| 28:44 | Build | House |
| 28:45 | Build | House |
| 28:45 | Build | House |
| 28:46 | Build | House |
Build order — Sleepy完胜
First 150 of 600 actions detected
| 0:03 | Build | House |
| 0:05 | Build | House |
| 0:06 | Create | Villager (Male) |
| 0:06 | Create | Villager (Male) |
| 0:06 | Create | Villager (Male) |
| 0:06 | Create | Villager (Male) |
| 0:07 | Create | Villager (Male) |
| 0:28 | Build | House |
| 1:38 | Create | Villager (Male) |
| 1:38 | Create | Villager (Male) |
| 1:58 | Build | Lumber Camp |
| 2:28 | Create | Villager (Male) |
| 2:28 | Create | Villager (Male) |
| 3:02 | Create | Villager (Male) |
| 3:02 | Create | Villager (Male) |
| 3:36 | Create | Villager (Male) |
| 3:36 | Create | Villager (Male) |
| 3:37 | Create | Villager (Male) |
| 4:30 | Build | Mill |
| 4:37 | Create | Villager (Male) |
| 4:37 | Create | Villager (Male) |
| 4:38 | Create | Villager (Male) |
| 5:26 | Create | Villager (Male) |
| 6:33 | Create | Villager (Male) |
| 6:34 | Create | Villager (Male) |
| 6:49 | Build | Mill |
| 7:07 | Create | Villager (Male) |
| 7:07 | Create | Villager (Male) |
| 7:30 | Build | House |
| 7:38 | Create | Villager (Male) |
| 8:10 | Research | Feudal Age |
| 8:17 | Build | Mining Camp |
| 10:20 | Age | Feudal Age |
| 10:37 | Create | Villager (Male) |
| 10:40 | Create | Villager (Male) |
| 10:45 | Build | Farm |
| 10:46 | Build | Farm |
| 11:25 | Research | Castle Age |
| 11:25 | Research | Castle Age |
| 12:15 | Build | Farm |
| 12:15 | Build | Farm |
| 12:16 | Build | Farm |
| 12:16 | Build | Farm |
| 12:38 | Research | Horse Collar |
| 13:38 | Research | Double-Bit Axe |
| 14:05 | Age | Castle Age |
| 14:08 | Create | Villager (Male) |
| 14:08 | Create | Villager (Male) |
| 14:11 | Create | Villager (Male) |
| 14:55 | Build | Town Center |
| 15:07 | Build | House |
| 15:15 | Create | Villager (Male) |
| 15:29 | Build | House |
| 15:40 | Create | Villager (Male) |
| 15:57 | Research | Bow Saw |
| 16:03 | Create | Villager (Male) |
| 16:11 | Build | House |
| 16:40 | Research | Heavy Plow |
| 16:47 | Create | Villager (Male) |
| 16:47 | Create | Villager (Male) |
| 16:47 | Create | Villager (Male) |
| 16:48 | Create | Villager (Male) |
| 16:54 | Create | Villager (Male) |
| 16:54 | Create | Villager (Male) |
| 17:01 | Build | House |
| 17:12 | Create | Villager (Male) |
| 17:12 | Create | Villager (Male) |
| 17:22 | Build | Farm |
| 17:22 | Build | Farm |
| 17:23 | Build | Farm |
| 17:23 | Build | Farm |
| 17:23 | Build | Farm |
| 17:24 | Build | Farm |
| 17:24 | Build | Farm |
| 17:24 | Build | Farm |
| 17:33 | Create | Villager (Male) |
| 17:33 | Create | Villager (Male) |
| 18:14 | Build | Town Center |
| 18:31 | Create | Villager (Male) |
| 18:31 | Create | Villager (Male) |
| 18:31 | Create | Villager (Male) |
| 18:32 | Create | Villager (Male) |
| 18:33 | Create | Villager (Male) |
| 18:33 | Create | Villager (Male) |
| 19:11 | Create | Villager (Male) |
| 19:11 | Create | Villager (Male) |
| 19:11 | Create | Villager (Male) |
| 19:15 | Create | Villager (Male) |
| 19:15 | Create | Villager (Male) |
| 20:02 | Build | Mining Camp |
| 20:12 | Build | Farm |
| 20:13 | Build | Farm |
| 20:13 | Build | Farm |
| 20:13 | Build | Farm |
| 20:13 | Build | Farm |
| 20:16 | Create | Villager (Male) |
| 20:16 | Create | Villager (Male) |
| 20:16 | Create | Villager (Male) |
| 20:43 | Build | Stable |
| 20:44 | Build | Stable |
| 20:49 | Create | Villager (Male) |
| 20:49 | Create | Villager (Male) |
| 20:54 | Build | Farm |
| 20:55 | Build | Farm |
| 21:14 | Build | Siege Workshop |
| 21:20 | Build | Farm |
| 21:21 | Build | Farm |
| 21:25 | Build | Farm |
| 21:26 | Build | Farm |
| 21:26 | Build | Farm |
| 21:26 | Build | Farm |
| 21:30 | Create | Villager (Male) |
| 21:31 | Create | Villager (Male) |
| 21:37 | Create | Battle Elephant |
| 21:37 | Create | Battle Elephant |
| 22:14 | Create | Battle Elephant |
| 22:43 | Create | Villager (Male) |
| 22:43 | Create | Villager (Male) |
| 22:43 | Create | Villager (Male) |
| 22:44 | Create | Villager (Male) |
| 22:44 | Create | Villager (Male) |
| 22:52 | Build | House |
| 22:53 | Build | House |
| 22:53 | Build | House |
| 22:54 | Build | House |
| 22:54 | Build | House |
| 22:54 | Build | House |
| 22:55 | Build | House |
| 22:55 | Build | House |
| 22:56 | Build | House |
| 22:58 | Build | House |
| 23:14 | Build | Mining Camp |
| 23:22 | Build | House |
| 23:36 | Create | Villager (Male) |
| 23:36 | Create | Villager (Male) |
| 24:20 | Create | Villager (Male) |
| 24:20 | Create | Villager (Male) |
| 24:43 | Build | Town Center |
| 24:49 | Create | Villager (Male) |
| 24:50 | Create | Villager (Male) |
| 24:50 | Create | Villager (Male) |
| 25:06 | Create | Battle Elephant |
| 25:06 | Create | Battle Elephant |
| 25:31 | Create | Villager (Male) |
| 25:31 | Create | Villager (Male) |
| 25:45 | Build | Blacksmith |
| 26:14 | Create | Battle Elephant |
| 26:14 | Create | Battle Elephant |
| 26:43 | Research | Gold Mining |
| 26:48 | Create | Villager (Male) |
Build order — B R O L I K O
First 150 of 302 actions detected
| 0:01 | Research | Loom |
| 0:02 | Create | Villager (Male) |
| 0:02 | Create | Villager (Male) |
| 0:02 | Create | Villager (Male) |
| 0:04 | Build | House |
| 0:06 | Build | House |
| 1:08 | Build | Mill |
| 1:26 | Create | Villager (Male) |
| 1:47 | Create | Villager (Male) |
| 2:29 | Create | Villager (Male) |
| 2:51 | Create | Villager (Male) |
| 3:24 | Create | Villager (Male) |
| 3:33 | Create | Villager (Male) |
| 3:40 | Build | House |
| 3:43 | Build | House |
| 3:44 | Build | House |
| 4:11 | Create | Villager (Male) |
| 4:46 | Create | Villager (Male) |
| 4:46 | Create | Villager (Male) |
| 5:26 | Create | Villager (Male) |
| 5:27 | Create | Villager (Male) |
| 5:56 | Create | Villager (Male) |
| 6:36 | Create | Villager (Male) |
| 6:36 | Create | Villager (Male) |
| 7:27 | Create | Villager (Male) |
| 8:03 | Research | Feudal Age |
| 8:30 | Build | Mule Cart |
| 8:59 | Create | Villager (Male) |
| 9:00 | Create | Villager (Male) |
| 9:02 | Create | Villager (Male) |
| 9:02 | Create | Villager (Male) |
| 9:03 | Create | Villager (Male) |
| 9:32 | Build | Mule Cart |
| 10:16 | Age | Feudal Age |
| 11:03 | Build | Blacksmith |
| 11:05 | Create | Villager (Male) |
| 12:11 | Build | House |
| 12:27 | Build | House |
| 12:29 | Build | House |
| 12:31 | Build | House |
| 13:08 | Build | Market |
| 13:10 | Create | Villager (Male) |
| 13:10 | Create | Villager (Male) |
| 13:10 | Create | Villager (Male) |
| 13:11 | Create | Villager (Male) |
| 14:57 | Build | Watch Tower |
| 15:05 | Research | Castle Age |
| 16:23 | Build | Farm |
| 16:24 | Build | Farm |
| 16:25 | Build | Farm |
| 16:28 | Build | Farm |
| 16:28 | Build | Farm |
| 16:28 | Build | Farm |
| 16:29 | Build | Farm |
| 16:30 | Build | Farm |
| 16:30 | Build | Farm |
| 16:30 | Build | Farm |
| 17:21 | Build | Watch Tower |
| 17:45 | Age | Castle Age |
| 18:47 | Build | Castle |
| 19:00 | Build | Palisade Wall |
| 19:10 | Build | Palisade Wall |
| 20:02 | Build | Barracks |
| 21:12 | Build | Outpost |
| 21:21 | Create | Spearman |
| 21:21 | Create | Spearman |
| 21:23 | Research | Squires |
| 21:44 | Create | Petard |
| 21:44 | Create | Petard |
| 22:35 | Build | Barracks |
| 23:03 | Create | Petard |
| 23:11 | Create | Villager (Male) |
| 23:11 | Create | Villager (Male) |
| 23:11 | Create | Villager (Male) |
| 23:12 | Create | Villager (Male) |
| 23:12 | Create | Villager (Male) |
| 23:12 | Create | Villager (Male) |
| 23:54 | Create | Monaspa |
| 23:54 | Create | Monaspa |
| 24:07 | Build | Siege Workshop |
| 24:25 | Research | Man-at-Arms (upgrade) |
| 24:26 | Research | Gambesons |
| 24:28 | Create | Spearman ×3 |
| 24:29 | Research | Pikeman (upgrade) |
| 24:30 | Create | Militia ×2 |
| 24:31 | Create | Militia |
| 25:31 | Create | Scorpion |
| 25:38 | Create | Petard |
| 25:38 | Create | Petard |
| 25:54 | Create | Militia |
| 27:11 | Create | Battering Ram |
| 27:26 | Build | Watch Tower |
| 27:52 | Research | Long Swordsman (upgrade) |
| 27:57 | Build | Farm |
| 27:59 | Build | Farm |
| 28:04 | Create | Villager (Male) |
| 28:04 | Create | Villager (Male) |
| 28:05 | Create | Villager (Male) |
| 28:12 | Build | Farm |
| 29:49 | Create | Monaspa |
| 29:49 | Create | Monaspa |
| 29:56 | Create | Spearman |
| 29:57 | Create | Spearman |
| 29:57 | Create | Spearman |
| 29:57 | Create | Spearman |
| 30:33 | Create | Spearman ×3 |
| 32:57 | Build | Castle |
| 34:08 | Create | Monaspa |
| 34:08 | Create | Monaspa |
| 34:08 | Create | Monaspa |
| 35:01 | Create | Monaspa |
| 36:13 | Build | University |
| 38:04 | Create | Mangonel |
| 38:04 | Create | Mangonel |
| 38:05 | Create | Mangonel |
| 38:05 | Create | Mangonel |
| 38:28 | Build | Siege Workshop |
| 39:34 | Build | Town Center |
| 42:11 | Research | Fortified Wall (upgrade) |
| 43:07 | Research | Imperial Age |
| 43:08 | Research | Wheelbarrow |
| 43:09 | Research | Town Watch |
| 43:14 | Build | Farm |
| 44:20 | Research | Padded Archer Armor |
| 44:21 | Research | Fletching |
| 44:22 | Research | Forging |
| 44:23 | Research | Scale Mail Armor |
| 44:24 | Research | Scale Barding Armor |
| 44:40 | Create | Villager (Male) |
| 44:41 | Create | Villager (Male) |
| 44:44 | Create | Villager (Male) |
| 44:44 | Create | Villager (Male) |
| 44:45 | Create | Villager (Male) |
| 46:17 | Age | Imperial Age |
| 46:25 | Research | Murder Holes |
| 46:30 | Create | Villager (Male) |
| 47:00 | Create | Villager (Male) |
| 48:06 | Research | Horse Collar |
| 48:26 | Create | Villager (Male) |
| 48:26 | Create | Villager (Male) |
| 48:44 | Build | Barracks |
| 48:44 | Build | Barracks |
| 48:45 | Build | Barracks |
| 48:46 | Build | Barracks |
| 48:47 | Build | Barracks |
| 48:55 | Create | Villager (Male) |
| 48:55 | Create | Villager (Male) |
| 49:29 | Build | Town Center |
| 49:37 | Create | Villager (Male) |
| 49:38 | Create | Villager (Male) |
Match timeline
| 10:16 | B R O L I K O · age_up feudal |
| 10:20 | Sleepy完胜 · age_up feudal |
| 10:32 | draul225 · age_up feudal |
| 11:43 | OL PERROLOKO · first_building Barracks |
| 11:52 | OL PERROLOKO · age_up feudal |
| 12:50 | Vila23 · age_up feudal |
| 12:54 | ponlopallevar · first_building Barracks |
| 13:16 | ponlopallevar · age_up feudal |
| 13:49 | EL THANOS · age_up feudal |
| 14:05 | Sleepy完胜 · age_up castle |
| 14:29 | Vila23 · first_building Barracks |
| 15:14 | ponlopallevar · first_market_buy 100 food |
| 15:26 | EL THANOS · tribute_sent a jugador 1 |
| 15:26 | EL THANOS · tribute_sent a jugador 2 |
| 15:26 | EL THANOS · tribute_sent a jugador 4 |
| 15:26 | EL THANOS · tribute_sent a jugador 5 |
| 15:26 | EL THANOS · tribute_sent a jugador 6 |
| 15:26 | EL THANOS · tribute_sent a jugador 7 |
| 15:26 | EL THANOS · tribute_sent a jugador 8 |
| 15:37 | ponlopallevar · first_building Archery Range |
| 16:11 | draul225 · age_up castle |
| 16:28 | draul225 · first_market_buy 100 wood |
| 17:02 | EL THANOS · tribute_sent a jugador 1 |
| 17:02 | EL THANOS · tribute_sent a jugador 2 |
| 17:02 | EL THANOS · tribute_sent a jugador 4 |
| 17:02 | EL THANOS · tribute_sent a jugador 5 |
| 17:02 | EL THANOS · tribute_sent a jugador 6 |
| 17:02 | EL THANOS · tribute_sent a jugador 7 |
| 17:02 | EL THANOS · tribute_sent a jugador 8 |
| 17:14 | mjhc282 · age_up feudal |
| 17:24 | Vila23 · first_market_buy 100 food |
| 17:35 | Vila23 · first_market_sell 100 wood |
| 17:44 | B R O L I K O · first_market_buy 100 stone |
| 17:45 | B R O L I K O · age_up castle |
| 18:04 | ponlopallevar · age_up castle |
| 18:47 | B R O L I K O · first_building Castle |
| 19:00 | B R O L I K O · wall_segment Palisade Wall x6 |
| 19:07 | OL PERROLOKO · age_up castle |
| 19:10 | OL PERROLOKO · first_building Castle |
| 19:10 | B R O L I K O · wall_segment Palisade Wall x4 |
| 20:02 | B R O L I K O · first_building Barracks |
| 20:18 | Vila23 · age_up castle |
| 20:43 | Sleepy完胜 · first_building Stable |
| 21:14 | Sleepy完胜 · first_building Siege Workshop |
| 21:53 | EL THANOS · tribute_sent a jugador 1 |
| 21:53 | EL THANOS · tribute_sent a jugador 2 |
| 21:53 | EL THANOS · tribute_sent a jugador 4 |
| 21:53 | EL THANOS · tribute_sent a jugador 5 |
| 21:53 | EL THANOS · tribute_sent a jugador 6 |
| 21:53 | EL THANOS · tribute_sent a jugador 7 |
| 21:53 | EL THANOS · tribute_sent a jugador 8 |
| 22:49 | Vila23 · first_building Monastery |
| 23:10 | mjhc282 · wall_segment Stone Wall x7 |
| 23:21 | mjhc282 · wall_segment Stone Wall x11 |
| 23:26 | mjhc282 · wall_segment Stone Wall x5 |
| 23:32 | OL PERROLOKO · age_up imperial |
| 23:49 | mjhc282 · first_building Barracks |
| 24:07 | B R O L I K O · first_building Siege Workshop |
| 24:11 | EL THANOS · tribute_sent a jugador 1 |
| 24:11 | EL THANOS · tribute_sent a jugador 2 |
| 24:11 | EL THANOS · tribute_sent a jugador 4 |
| 24:11 | EL THANOS · tribute_sent a jugador 5 |
| 24:11 | EL THANOS · tribute_sent a jugador 6 |
| 24:11 | EL THANOS · tribute_sent a jugador 7 |
| 24:11 | EL THANOS · tribute_sent a jugador 8 |
| 24:41 | mjhc282 · wall_segment Stone Wall x6 |
| 24:56 | OL PERROLOKO · first_market_sell 500 stone |
| 25:01 | ponlopallevar · first_building Castle |
| 25:15 | mjhc282 · wall_segment Stone Wall x20 |
| 25:50 | draul225 · first_building Barracks |
| 25:50 | EL THANOS · tribute_sent a jugador 1 |
| 25:50 | EL THANOS · tribute_sent a jugador 2 |
| 25:50 | EL THANOS · tribute_sent a jugador 4 |
| 25:50 | EL THANOS · tribute_sent a jugador 5 |
| 25:50 | EL THANOS · tribute_sent a jugador 6 |
| 25:50 | EL THANOS · tribute_sent a jugador 7 |
| 25:50 | EL THANOS · tribute_sent a jugador 8 |
| 26:49 | draul225 · first_building Stable |
| 27:11 | EL THANOS · tribute_sent a jugador 1 |
| 27:11 | EL THANOS · tribute_sent a jugador 2 |
| 27:11 | EL THANOS · tribute_sent a jugador 4 |
| 27:11 | EL THANOS · tribute_sent a jugador 5 |
| 27:11 | EL THANOS · tribute_sent a jugador 6 |
| 27:11 | EL THANOS · tribute_sent a jugador 7 |
| 27:11 | EL THANOS · tribute_sent a jugador 8 |
| 27:22 | draul225 · first_building Castle |
| 27:26 | mjhc282 · first_building Archery Range |
| 27:58 | mjhc282 · wall_segment Stone Wall x5 |
| 28:29 | mjhc282 · wall_segment Stone Wall x7 |
| 30:08 | EL THANOS · tribute_sent a jugador 1 |
| 30:08 | EL THANOS · tribute_sent a jugador 2 |
| 30:08 | EL THANOS · tribute_sent a jugador 4 |
| 30:08 | EL THANOS · tribute_sent a jugador 5 |
| 30:08 | EL THANOS · tribute_sent a jugador 6 |
| 30:08 | EL THANOS · tribute_sent a jugador 7 |
| 30:08 | EL THANOS · tribute_sent a jugador 8 |
| 30:29 | Vila23 · first_building Siege Workshop |
| 30:32 | draul225 · first_market_sell 100 food |
| 30:46 | mjhc282 · first_building Stable |
| 31:25 | EL THANOS · age_up castle |
| 31:28 | Sleepy完胜 · first_building Castle |
| 32:03 | draul225 · age_up imperial |
| 32:32 | Vila23 · first_building Castle |
| 32:36 | EL THANOS · tribute_sent a jugador 1 |
| 32:36 | EL THANOS · tribute_sent a jugador 2 |
| 32:36 | EL THANOS · tribute_sent a jugador 4 |
| 32:36 | EL THANOS · tribute_sent a jugador 5 |
| 32:36 | EL THANOS · tribute_sent a jugador 6 |
| 32:36 | EL THANOS · tribute_sent a jugador 7 |
| 32:36 | EL THANOS · tribute_sent a jugador 8 |
| 32:49 | Sleepy完胜 · age_up imperial |
| 33:32 | Sleepy完胜 · first_market_buy 100 wood |
| 33:56 | EL THANOS · tribute_sent a jugador 1 |
| 33:56 | EL THANOS · tribute_sent a jugador 2 |
| 33:56 | EL THANOS · tribute_sent a jugador 4 |
| 33:56 | EL THANOS · tribute_sent a jugador 5 |
| 33:56 | EL THANOS · tribute_sent a jugador 6 |
| 33:56 | EL THANOS · tribute_sent a jugador 7 |
| 33:56 | EL THANOS · tribute_sent a jugador 8 |
| 34:58 | draul225 · wall_segment Stone Wall x2 |
| 36:02 | EL THANOS · tribute_sent a jugador 1 |
| 36:02 | EL THANOS · tribute_sent a jugador 2 |
| 36:02 | EL THANOS · tribute_sent a jugador 4 |
| 36:02 | EL THANOS · tribute_sent a jugador 5 |
| 36:02 | EL THANOS · tribute_sent a jugador 6 |
| 36:02 | EL THANOS · tribute_sent a jugador 7 |
| 36:02 | EL THANOS · tribute_sent a jugador 8 |
| 36:46 | draul225 · first_building Archery Range |
| 37:09 | Sleepy完胜 · tribute_sent a jugador 1 |
| 37:09 | Sleepy完胜 · tribute_sent a jugador 2 |
| 37:09 | Sleepy完胜 · tribute_sent a jugador 3 |
| 37:09 | Sleepy完胜 · tribute_sent a jugador 4 |
| 37:09 | Sleepy完胜 · tribute_sent a jugador 5 |
| 37:09 | Sleepy完胜 · tribute_sent a jugador 7 |
| 37:09 | Sleepy完胜 · tribute_sent a jugador 8 |
| 38:08 | EL THANOS · first_building Monastery |
| 38:26 | EL THANOS · tribute_sent a jugador 1 |
| 38:26 | EL THANOS · tribute_sent a jugador 2 |
| 38:26 | EL THANOS · tribute_sent a jugador 4 |
| 38:26 | EL THANOS · tribute_sent a jugador 5 |
| 38:26 | EL THANOS · tribute_sent a jugador 6 |
| 38:26 | EL THANOS · tribute_sent a jugador 7 |
| 38:26 | EL THANOS · tribute_sent a jugador 8 |
| 38:35 | draul225 · first_building Monastery |
| 41:29 | mjhc282 · first_market_buy 100 wood |
| 41:39 | Vila23 · age_up imperial |
| 41:44 | EL THANOS · first_building Castle |
| 42:13 | EL THANOS · wall_segment Stone Wall x2 |
| 42:20 | EL THANOS · wall_segment Stone Wall x5 |
| 43:06 | EL THANOS · wall_segment Stone Wall x1 |
| 43:09 | mjhc282 · first_market_sell 100 stone |
| 43:14 | EL THANOS · first_building Siege Workshop |
| 43:37 | EL THANOS · tribute_sent a jugador 1 |
| 43:37 | EL THANOS · tribute_sent a jugador 2 |
| 43:37 | EL THANOS · tribute_sent a jugador 4 |
| 43:37 | EL THANOS · tribute_sent a jugador 5 |
| 43:37 | EL THANOS · tribute_sent a jugador 6 |
| 43:37 | EL THANOS · tribute_sent a jugador 7 |
| 43:37 | EL THANOS · tribute_sent a jugador 8 |
| 43:52 | EL THANOS · first_building Barracks |
| 44:52 | EL THANOS · first_market_buy 100 stone |
| 46:07 | EL THANOS · tribute_sent a jugador 1 |
| 46:07 | EL THANOS · tribute_sent a jugador 2 |
| 46:07 | EL THANOS · tribute_sent a jugador 4 |
| 46:07 | EL THANOS · tribute_sent a jugador 5 |
| 46:07 | EL THANOS · tribute_sent a jugador 6 |
| 46:07 | EL THANOS · tribute_sent a jugador 7 |
| 46:07 | EL THANOS · tribute_sent a jugador 8 |
| 46:17 | B R O L I K O · age_up imperial |
| 47:37 | EL THANOS · age_up imperial |
| 48:17 | EL THANOS · tribute_sent a jugador 1 |
| 48:17 | EL THANOS · tribute_sent a jugador 2 |
| 48:17 | EL THANOS · tribute_sent a jugador 4 |
| 48:17 | EL THANOS · tribute_sent a jugador 5 |
| 48:17 | EL THANOS · tribute_sent a jugador 6 |
| 48:17 | EL THANOS · tribute_sent a jugador 7 |
| 48:17 | EL THANOS · tribute_sent a jugador 8 |
| 50:59 | B R O L I K O · first_building Stable |
| 51:08 | EL THANOS · tribute_sent a jugador 1 |
| 51:08 | EL THANOS · tribute_sent a jugador 2 |
| 51:08 | EL THANOS · tribute_sent a jugador 4 |
| 51:08 | EL THANOS · tribute_sent a jugador 5 |
| 51:08 | EL THANOS · tribute_sent a jugador 6 |
| 51:08 | EL THANOS · tribute_sent a jugador 7 |
| 51:08 | EL THANOS · tribute_sent a jugador 8 |
| 51:32 | EL THANOS · tribute_sent a jugador 1 |
| 51:32 | EL THANOS · tribute_sent a jugador 2 |
| 51:32 | EL THANOS · tribute_sent a jugador 4 |
| 51:32 | EL THANOS · tribute_sent a jugador 5 |
| 51:32 | EL THANOS · tribute_sent a jugador 6 |
| 51:32 | EL THANOS · tribute_sent a jugador 7 |
| 51:32 | EL THANOS · tribute_sent a jugador 8 |
| 52:59 | EL THANOS · first_building Archery Range |
| 53:33 | EL THANOS · tribute_sent a jugador 1 |
| 53:33 | EL THANOS · tribute_sent a jugador 2 |
| 53:33 | EL THANOS · tribute_sent a jugador 4 |
| 53:33 | EL THANOS · tribute_sent a jugador 5 |
| 53:33 | EL THANOS · tribute_sent a jugador 6 |
| 53:33 | EL THANOS · tribute_sent a jugador 7 |
| 53:33 | EL THANOS · tribute_sent a jugador 8 |
| 54:34 | EL THANOS · tribute_sent a jugador 1 |
| 54:34 | EL THANOS · tribute_sent a jugador 2 |
| 54:34 | EL THANOS · tribute_sent a jugador 4 |
| 54:34 | EL THANOS · tribute_sent a jugador 5 |
| 54:34 | EL THANOS · tribute_sent a jugador 6 |
| 54:34 | EL THANOS · tribute_sent a jugador 7 |
| 54:34 | EL THANOS · tribute_sent a jugador 8 |
| 57:31 | B R O L I K O · wall_segment Stone Wall x4 |
| 57:46 | EL THANOS · tribute_sent a jugador 1 |
| 57:46 | EL THANOS · tribute_sent a jugador 2 |
| 57:46 | EL THANOS · tribute_sent a jugador 4 |
| 57:46 | EL THANOS · tribute_sent a jugador 5 |
| 57:46 | EL THANOS · tribute_sent a jugador 6 |
| 57:46 | EL THANOS · tribute_sent a jugador 7 |
| 57:46 | EL THANOS · tribute_sent a jugador 8 |
| 61:18 | Sleepy完胜 · first_building Barracks |
| 62:48 | OL PERROLOKO · first_market_buy 100 stone |
| 63:12 | Sleepy完胜 · wall_segment Stone Wall x5 |
| 63:34 | EL THANOS · tribute_sent a jugador 1 |
| 63:34 | EL THANOS · tribute_sent a jugador 2 |
| 63:34 | EL THANOS · tribute_sent a jugador 4 |
| 63:34 | EL THANOS · tribute_sent a jugador 5 |
| 63:34 | EL THANOS · tribute_sent a jugador 6 |
| 63:34 | EL THANOS · tribute_sent a jugador 7 |
| 63:34 | EL THANOS · tribute_sent a jugador 8 |
| 65:16 | EL THANOS · tribute_sent a jugador 1 |
| 65:16 | EL THANOS · tribute_sent a jugador 2 |
| 65:16 | EL THANOS · tribute_sent a jugador 4 |
| 65:16 | EL THANOS · tribute_sent a jugador 5 |
| 65:16 | EL THANOS · tribute_sent a jugador 6 |
| 65:16 | EL THANOS · tribute_sent a jugador 7 |
| 65:16 | EL THANOS · tribute_sent a jugador 8 |
| 65:23 | EL THANOS · tribute_sent a jugador 1 |
| 65:23 | EL THANOS · tribute_sent a jugador 2 |
| 65:23 | EL THANOS · tribute_sent a jugador 4 |
| 65:23 | EL THANOS · tribute_sent a jugador 5 |
| 65:23 | EL THANOS · tribute_sent a jugador 6 |
| 65:23 | EL THANOS · tribute_sent a jugador 7 |
| 65:23 | EL THANOS · tribute_sent a jugador 8 |
| 65:46 | Sleepy完胜 · first_market_sell 100 wood |
| 66:43 | Sleepy完胜 · resign |
[ AI ANALYSIS · 1 CREDIT ]
What really happened in this match?
Wolo.gg analyzes every decision: build order, eco, micro, common mistakes by bracket. Personalized analysis on WhatsApp or Discord in 30 seconds.
Civ guide
Franks
Perfil
Jugador #25497721